 Dungeon Crawl Stone Soup version 0.22-a0-587-g7d32d7c (webtiles) character file.

1206 Amnesiac the Thrower (level 8, -4/84 HPs)
             Began as an Ogre Fighter on July 4, 2018.
             Was a Believer of Okawaru.
             Slain by a wyvern zombie (14 damage)
             ... on level 6 of the Dungeon.
             The game lasted 00:12:33 (6898 turns).

Amnesiac the Thrower (Ogre Fighter)                 Turns: 6898, Time: 00:12:33

Health: -4/84      AC:  4    Str: 23    XL:     8   Next: 45%
Magic:  8/8        EV:  8    Int:  9    God:    Okawaru [**....]
Gold:   94         SH:  8    Dex:  8    Spells: 7/7 levels left

rFire    . . .     SeeInvis .   a - +0 trident
rCold    . . .     Gourm    .   c - +0 shield
rNeg     . . .     Faith    +   v - +1 robe
rPois    +         Spirit   .   (helmet restricted)
rElec    .         Reflect  .   d - scarf {repulsion}
rCorr    .         Harm     .   (gloves unavailable)
MR       .....                  (boots unavailable)
Stlth    +.........             l - amulet of faith
HPRegen  0.24/turn              (no ring)
MPRegen  0.11/turn              g - ring of poison resistance

@: repel missiles
A: large, unfitting armour, tough skin 1
a: Heroism, Renounce Religion


You were on level 6 of the Dungeon.
You worshipped Okawaru.
Okawaru was pleased with you.
You were not hungry.

You visited 2 branches of the dungeon, and saw 7 of its levels.
You also visited: Sewer.

You collected 230 gold pieces.
You spent 136 gold pieces at shops.

Inventory:

Hand Weapons
 a - a +0 trident (weapon)
 b - a +2 blowgun
Missiles
 h - 68 stones (quivered)
 k - 25 poisoned needles
Armour
 c - a +0 shield (worn)
 d - a scarf of repulsion (worn)
 v - a +1 robe (worn)
Jewellery
 g - a ring of poison resistance (right hand)
 l - an amulet of faith (around neck)
 t - an uncursed ring of fire
Scrolls
 e - a scroll of remove curse {!r}
 j - 4 scrolls of magic mapping {!r}
 m - a scroll of noise {!r, unknown}
 n - a scroll of enchant armour {!r}
 o - 2 scrolls of fear {!r}
 p - a scroll of immolation {!r, unknown}
 q - 2 scrolls of fog {!r}
 r - a scroll of blinking {!r}
 s - 2 scrolls of identify {!r}
 w - 4 scrolls of teleportation {!r}
Potions
 i - a potion of lignification {!q, unknown}
 u - 2 potions of haste {!q, unknown}
Comestibles
 f - 9 rations


   Skills:
 + Level 6.8 Fighting
 - Level 2.0 Polearms
 * Level 8.9 Throwing
 - Level 2.6 Dodging
 - Level 2.6 Shields


You had 7 spell levels left.
You didn't know any spells.
Your spell library was empty.

Dungeon Overview and Level Annotations

Branches:
Dungeon (6/15)             Temple (1/1) D:5

Altars:
Ashenzari
Cheibriados
Dithmenos
Elyvilon
Fedhas
Gozag
Hepliaklqana
Kikubaaqudgha
Makhleb
Nemelex Xobeh
Okawaru
Ru
Sif Muna
Uskayaw
Wu Jian
Xom
Yredelemnul
The Shining One

Shops:
D:4 [?(!


Innate Abilities, Weirdness & Mutations

You are too large for most types of armour.
You have tough skin. (AC +1)


Message History

Attack whom?
Press: ? - help, Dir - move target cursor, f - shadow imp
Aim: a shadow imp You reach to attack!
You puncture the shadow imp!
The shadow imp is almost dead.
You hit the shadow imp.
You kill the shadow imp!
Okawaru accepts your kill.
No target in view!
No target in view!
No target in view!
Found a mace.
Found a stone staircase leading up.
HP restored.
A wyvern zombie comes into view.
The wyvern zombie moves out of view.
Found a ration.
The wyvern zombie is too close now for your liking.
A wyvern zombie is nearby!
Found a glowing copper ring.
Attack whom?
Press: ? - help, Dir - move target cursor, f - wyvern zombie
Aim: a wyvern zombie You reach to attack!
You hit the wyvern zombie.
The wyvern zombie is lightly damaged.
You block the wyvern zombie's attack.
You puncture the wyvern zombie!
The wyvern zombie is moderately damaged.
You block the wyvern zombie's attack.
You hit the wyvern zombie but do no damage.
The wyvern zombie is moderately damaged.
The wyvern zombie barely misses you. You block the wyvern zombie's attack.
You hit the wyvern zombie but do no damage.
The wyvern zombie is moderately damaged.
The wyvern zombie bites you. The wyvern zombie bites you!
You puncture the wyvern zombie!
The wyvern zombie is heavily damaged.
The wyvern zombie bites you.
You puncture the wyvern zombie!
The wyvern zombie is severely damaged.
You block the wyvern zombie's attack. The wyvern zombie barely misses you.
You hit the wyvern zombie.
The wyvern zombie is almost destroyed.
The wyvern zombie bites you!
* * * LOW HITPOINT WARNING * * *
The wyvern zombie bites you!
* * * LOW HITPOINT WARNING * * *
You hit the wyvern zombie but do no damage.
The wyvern zombie is almost destroyed.
The wyvern zombie bites you.
* * * LOW HITPOINT WARNING * * *
You barely miss the wyvern zombie.
The wyvern zombie is almost destroyed.
The wyvern zombie bites you.
* * * LOW HITPOINT WARNING * * *
The wyvern zombie bites you!
* * * LOW HITPOINT WARNING * * *
You hit the wyvern zombie but do no damage.
The wyvern zombie is almost destroyed.
The wyvern zombie bites you!
* * * LOW HITPOINT WARNING * * *
You barely miss the wyvern zombie.
The wyvern zombie is almost destroyed.
The wyvern zombie bites you!
You die...

##.#...#_..'.....##.
...#...#...#.....##.
.......#####........
......#..........##.
..................#
#.................
###....)..........
...###...........#...
.......@...<.........
.......Z.........####
..............#....
.....%.....####....
............. ..
..............
.......###=....
....... .....


You could see a wyvern zombie.

Vanquished Creatures
  An ogre (D:4)
  A phantom (D:4)
  2 bullfrogs (Sewer)
  A jelly (D:5)
  A crimson imp (D:5)
  A bullfrog zombie (D:5)
  3 hounds
  2 orc wizards
  3 orc priests
  6 worker ants
  6 gnolls (D:4)
  9 adders
  A shadow imp (D:6)
  10 oozes (Sewer)
  An adder skeleton (D:4)
  A worm (D:3)
  A dart slug (D:3)
  11 leopard geckos
  8 orcs
  7 ball pythons (Sewer)
  17 giant cockroaches
  9 goblins
  6 hobgoblins
  7 jackals
  11 kobolds
  A quokka (D:4)
  9 bats
  10 frilled lizards
  6 rats
152 creatures vanquished.

Vanquished Creatures (others)
  A phantom (Temple)
1 creature vanquished.

Grand Total: 153 creatures vanquished

Notes
Turn   | Place    | Note
-------+----------+-------------------------------------------
     0 | D:1      | Amnesiac the Ogre Fighter began the quest for the Orb.
     0 | D:1      | Reached XP level 1. HP: 24/24 MP: 1/1
    53 | D:1      | Reached skill level 1 in Throwing
    81 | D:1      | Reached XP level 2. HP: 29/32 MP: 2/2
   237 | D:1      | Reached skill level 2 in Throwing
   518 | D:1      | Reached XP level 3. HP: 24/39 MP: 3/3
  1014 | D:2      | Reached skill level 3 in Throwing
  1152 | D:2      | Found a faded altar of an unknown god.
  1266 | D:2      | Found a blossoming altar of Fedhas.
  1388 | D:2      | Reached XP level 4. HP: 26/48 MP: 4/4
  1548 | D:2      | Found a burning altar of Makhleb.
  1582 | D:2      | Found a sacrificial altar of Ru.
  2000 | D:3      | Reached skill level 4 in Throwing
  2744 | D:3      | Found an iron altar of Okawaru.
  2769 | D:3      | Reached XP level 5. HP: 50/54 MP: 5/5
  2773 | D:3      | Reached skill level 5 in Throwing
  2805 | D:3      | Became a worshipper of Warmaster Okawaru
  2927 | D:3      | Found an ancient bone altar of Kikubaaqudgha.
  3161 | D:4      | Found a glowing drain.
  3164 | D:5      | Entered Level 5 of the Dungeon
  3321 | D:4      | Reached XP level 6. HP: 44/62 MP: 6/6
  3387 | Sewer    | Entered a sewer
  3672 | Sewer    | Reached skill level 6 in Throwing
  4262 | Sewer    | HP: 1/63 [bullfrog (8)]
  4264 | Sewer    | Reached * piety under Okawaru
  4264 | Sewer    | Reached XP level 7. HP: 1/71 MP: 7/7
  4601 | D:4      | Reached skill level 7 in Throwing
  4713 | D:4      | Found Maorph's Magic Scroll Shop.
  4730 | D:4      | Found Xioba's Antique Armour Shoppe.
  4820 | D:4      | Bought a scroll of teleportation for 39 gold pieces
  4820 | D:4      | Bought a scroll of identify for 26 gold pieces
  4820 | D:4      | Bought a scroll of magic mapping for 45 gold pieces
  4820 | D:4      | Bought a scroll of fog for 26 gold pieces
  4836 | D:4      | Found Dusow's Antique Weapon Shoppe.
  5029 | D:4      | Reached skill level 5 in Fighting
  5361 | D:4      | Found Ysafiz's Distillery.
  5396 | D:4      | Reached skill level 8 in Throwing
  5399 | D:4      | Reached XP level 8. HP: 63/83 MP: 8/8
  5945 | D:5      | Found a staircase to the Ecumenical Temple.
  5966 | D:5      | Found a hide-covered altar of Uskayaw.
  5967 | D:5      | Noticed a dagger
  5969 | D:5      | Noticed a dagger
  5995 | Temple   | Entered the Ecumenical Temple
  6864 | D:6      | Found a hazy altar of Hepliaklqana.
  6876 | D:6      | Found a shadowy altar of Dithmenos.
  6879 | D:6      | Reached ** piety under Okawaru
  6898 | D:6      | Slain by a wyvern zombie

Vault maps used:
D:1:      onia_arrival_mini_spirals
D:2:      marbit_many_paths, nicolae_overflow_hidden_temple, fedhas_altar_2,
          chequers_ecumenical_altar_lobes
D:3:      lemuel_coloured_pillars_altar, overflow_temple_1_default
D:4:      gup_sewer_entry_glass, serial_shops, shop,
          nicolae_shop_temple_entry_statues_fountains, nicolae_shop_waterfront,
          nicolae_shop_behind_doors, first_ration, minivault_19,
          lemuel_another_geyser
D:5:      dancing_weapons_uskayaw, minmay_temple_entry_crystal_x
D:6:      kennysheep_mini_moat, serial_shops, shop, hangedman_decor_points,
          grunt_dithmenos_shadows, uniq_sigmund
Temple:   minmay_freezing_vapour_temple
Sewer:    sewer_frog_island_02

Skill      XL: |  1  2  3  4  5  6  7  8 |
---------------+-------------------------+-----
Throwing       | 1 2 3 4 5 6 8 |  8.9
Fighting       | 5 6 |  6.8
Polearms       | |  2.0
Dodging        | |  2.6
Shields        | |  2.6

Action                   |  1- 3 |  4- 6 |  7- 9 || total
-------------------------+-------+-------+-------++-------
Melee: Trident           |   114 |   310 |   122 ||   546
 Fire: Blowgun           |       |    27 |    92 ||   119
Throw: Stone             |       |    15 |     1 ||    16
  Use: Potion            |       |     4 |       ||     4
       Scroll            |       |     2 |     5 ||     7
 Stab: Sleeping          |     1 |       |       ||     1
  Eat: Chunk             |     2 |    10 |     8 ||    20
Armor: Robe              |    25 |    95 |    25 ||   145
Dodge: Dodged            |    36 |   135 |    37 ||   208
       Deflected         |       |       |     1 ||     1
Block: Shield            |    36 |   185 |    42 ||   263

Table legend:
 A = Spawn XP
 B = Non-spawn XP
 C = Spawn XP percentage of total XP
 D = Spawn monster count
 E = Non-spawn monster count
 F = Spawn count percentage of total count
 G = Total turns spent on level
                    A         B        C        D         E        F      G
               +---------+---------+-------+---------+---------+-------+---------
         Total |       0 |    1723 |   0.0 |       0 |     153 |   0.0 |  6898
               +---------+---------+-------+---------+---------+-------+---------
           D:1 |       0 |      34 |   0.0 |       0 |      21 |   0.0 |   835
           D:2 |       0 |      49 |   0.0 |       0 |      17 |   0.0 |  1037
           D:3 |       0 |     210 |   0.0 |       0 |      24 |   0.0 |  1180
           D:4 |       0 |     635 |   0.0 |       0 |      30 |   0.0 |  1395
           D:5 |       0 |     304 |   0.0 |       0 |       9 |   0.0 |  1131
           D:6 |       0 |      25 |   0.0 |       0 |       2 |   0.0 |    55
        Temple |       0 |     114 |   0.0 |       0 |       1 |   0.0 |    74
         Sewer |       0 |     352 |   0.0 |       0 |      49 |   0.0 |  1191
               +---------+---------+-------+---------+---------+-------+---------
